 Dungeon Crawl Stone Soup version 0.27.0-1-g7a089689b8 (webtiles) character file.

Game seed: 329200844077265331

2 SnakkuSnakku7 the Grave Robber (level 1, -1/14 HPs)
             Began as a Merfolk Necromancer on Aug 7, 2021.
             Slain by a ball python (2 damage)
             ... on level 1 of the Dungeon.
             The game lasted 00:00:36 (283 turns).

SnakkuSnakku7 the Grave Robber (Merfolk Necromancer) Turns: 283, Time: 00:00:37

Health: -1/14      AC:  2    Str:  8    XL:     1   Next: 40%
Magic:  3/3        EV:  9    Int: 14    God:
Gold:   67         SH:  0    Dex: 14    Spells: 3/4 levels left

rFire    . . .     SeeInvis .   c - +2 hand axe (vorpal)
rCold    . . .     Faith    .   (no shield)
rNeg     . . .     Spirit   .   a - +0 robe
rPois    .         Reflect  .   (no helmet)
rElec    .         Harm     .   (no cloak)
rCorr    .         Rampage  .   (no gloves)
Will     .....                  (no boots)
Stlth    ++........             (no amulet)
HPRegen  0.04/turn              (no ring)
MPRegen  0.08/turn              (no ring)

@: constricted
A: (nimble swimmer 2), mertail
a: no special abilities


You were on level 1 of the Dungeon.
You visited 1 branch of the dungeon, and saw 1 of its levels.

You collected 67 gold pieces.

Inventory:

Hand Weapons
 b - a +0 club
 c - a +2 vorpal hand axe (weapon)
Armour
 a - a +0 robe (worn)
Scrolls
 e - 2 scrolls of identify {unknown}
Potions
 d - a potion of curing {unknown}


   Skills:
 + Level 0.9 Fighting
 - Level 2.6 Dodging
 - Level 2.1 Stealth
 - Level 2.0 Spellcasting
 - Level 3.2 Necromancy


You had 3 spell levels left.
You knew the following spells:

 Your Spells              Type           Power      Damage    Failure   Level
a - Pain                  Necr           40%        1d6       6%          1

Your spell library contained the following spells:

 Spells                   Type           Power      Damage    Failure   Level
 Animate Skeleton         Necr           20%        N/A       6%          1
 Vampiric Draining        Necr           5%         2d6       19%         3
 Animate Dead             Necr           5%         N/A       52%         4
 Agony                    Necr           10%        N/A       86%         5


Dungeon Overview and Level Annotations

Branches:
Dungeon (1/15)

Altars:


Innate Abilities, Weirdness & Mutations

((You are quick and stealthy near water. (Stealth+, EV+, Speed+++)))
Your lower body shifts to a powerful aquatic tail in water.


Message History

The ball python barely misses you. The ball python closely misses you.
You closely miss the ball python. The ball python bites you.
The ball python grabs you. The ball python constricts you.
You hit the ball python.
The ball python is severely wounded.
The ball python bites you. The ball python constricts you.
The ball python barely misses you. The ball python constricts you.
You are too injured to fight recklessly!
You closely miss the ball python.
The ball python is severely wounded.
The ball python bites you. The ball python constricts you.
You hit the ball python but do no damage.
The ball python is severely wounded.
The ball python barely misses you. The ball python constricts you.
The ball python bites you. The ball python constricts you.
You barely miss the ball python.
The ball python is severely wounded.
The ball python bites you but does no damage.
* * * LOW HITPOINT WARNING * * *
The ball python constricts you.
You barely miss the ball python.
The ball python is severely wounded.
The ball python closely misses you. The ball python constricts you.
The ball python closely misses you.
* * * LOW HITPOINT WARNING * * *
The ball python constricts you.
You closely miss the ball python.
The ball python is severely wounded.
The ball python barely misses you. The ball python constricts you.
The ball python bites you.
* * * LOW HITPOINT WARNING * * *
The ball python constricts you.
You completely miss the ball python.
The ball python is severely wounded.
The ball python closely misses you. The ball python constricts you.
You completely miss the ball python.
The ball python is severely wounded.
The ball python barely misses you. The ball python constricts you.
The ball python bites you.
You die...

#.........#..#.
##.....###.(..........#.
........####....†.......
#.......##.........##.##
........##...#........##
........##...#.......†..
........##...#........##
.......S##...#####'##.##
.......@###### #........
........###### #.###.###
.............# #.# #.#..
........####.###.###...#
.#+###+## #..........##
#.#.#.##..#.#
#.#.#.#.#....
#.#.#.#.#....
#.#.....#####


You could see a ball python.

Vanquished Creatures
  A hobgoblin (D:1)
  A ball python (D:1)
  A bat (D:1)
3 creatures vanquished.

Notes
Turn   | Place    | Note
-------+----------+-------------------------------------------
     0 | D:1      | SnakkuSnakku7 the Merfolk Necromancer began the quest for
                  | the Orb.
     0 | D:1      | Reached XP level 1. HP: 13/13 MP: 3/3
   283 | D:1      | Slain by a ball python

Illustrated notes

Levels and vault maps discovered:
D:1:      scummos_arrival_simple_fountains, layout_basic,
          hellmonk_ecumenical_altar_heavens_door, minmay_misc_feat_square,
          st_stairs_12

Action                   || total
-------------------------++-------
Melee: Hand axe          ||     9
       Unarmed           ||     3
       Club              ||     2
 Cast: Pain              ||     6
Armor: Robe              ||     5
Dodge: Dodged            ||    16
